 Dungeon Crawl Stone Soup version 0.27-a0-1442-g87b6fcb595 (webtiles) character file.

Game seed: 11613740476720831372

240 barkas the Vexing (level 6, -2/55 HPs)
             Began as a Naga Arcane Marksman on July 4, 2021.
             Killed by divine providence
             ... invoked by an orc priest
              (12 damage)
             ... on level 6 of the Dungeon.
             The game lasted 00:05:30 (3487 turns).

barkas the Vexing (Naga Arcane Marksman)            Turns: 3487, Time: 00:05:31

Health: -2/55      AC:  6    Str: 13    XL:     6   Next: 8%
Magic:  8/8        EV: 10    Int: 15    God:
Gold:   161        SH:  5    Dex: 11    Spells: 1/8 levels left

rFire    . . .     SeeInvis +   b - +8 club
rCold    . . .     Faith    .   (no shield)
rNeg     . . .     Spirit   .   d - +0 robe
rPois    +         Reflect  +   k - +1 helmet
rElec    .         Harm     .   A - +0 cloak {Stlth+}
rCorr    .         Rampage  .   (no gloves)
Will     .....                  (no barding)
Stlth    +++.......             m - amulet of reflection
HPRegen  0.18/turn              (no ring)
MPRegen  0.11/turn              (no ring)

@: very slow
A: AC +2, large, see invisible, deformed body, poison resistance, slowness 2,
spit poison 1, naga tail 1
a: Spit Poison


You were on level 6 of the Dungeon.
You visited 1 branch of the dungeon, and saw 5 of its levels.

You collected 161 gold pieces.

Inventory:

Hand Weapons
 a - a +0 shortbow
 b - a +8 club (weapon)
 f - a +0 spear
 o - a +0 short sword
 t - a +0 whip of freezing
Missiles
 c - 18 arrows
Armour
 d - a +0 robe (worn)
 k - a +1 helmet (worn)
 A - a +0 cloak of stealth (worn)
Jewellery
 m - an amulet of reflection (around neck)
 B - a +4 ring of slaying
Wands
 q - a wand of charming (9)
 r - a wand of digging (6)
Scrolls
 e - a scroll of teleportation
 g - 5 scrolls of identify {unknown}
 j - a scroll of blinking {unknown}
 u - a scroll of fear {unknown}
 x - a scroll of enchant weapon {unknown}
 y - a scroll of amnesia {unknown}
 z - a scroll of vulnerability {unknown}
Potions
 h - a potion of ambrosia {unknown}
 i - a potion of curing
 l - a potion of flight {unknown}
 n - 2 potions of might {unknown}
 p - a potion of attraction {unknown}
 s - a potion of berserk rage {unknown}
 v - 2 potions of lignification {unknown}
 w - a potion of invisibility {unknown}


   Skills:
 + Level 2.4 Fighting
 - Level 1.0 Short Blades
 - Level 0.3 Polearms
 * Level 3.0 Bows
 + Level 2.6 Dodging
 + Level 2.4 Stealth
 + Level 1.5 Spellcasting
 + Level 3.8 Hexes


You had one spell level left.
You knew the following spells:

 Your Spells              Type           Power      Damage    Failure   Level
a - Corona                Hex            13%        N/A       4%          1
b - Slow                  Hex            12%        N/A       8%          2
c - Cause Fear            Hex            6%         N/A       43%         4

Your spell library contained the following spells:

 Spells                   Type           Power      Damage    Failure   Level
 Inner Flame              Hex/Fire       6%         N/A       32%         3
 Portal Projectile        Hex/Tloc       12%        N/A       32%         3
 Conjure Flame            Conj/Fire      1%         6-21      56%         3
 Ignite Poison            Fire/Tmut/Pois 1%         N/A       56%         3
 Sticky Flame             Conj/Fire      1%         2d3       93%         4


Dungeon Overview and Level Annotations

Branches:
Dungeon (4/15)
 Temple: D:4-7

Altars:
Hepliaklqana

Annotations:
D:4 Edmund


Innate Abilities, Weirdness & Mutations

Your serpentine skin is tough. (AC +2)
You have supernaturally acute eyesight. (SInv)
Armour fits poorly on your strangely shaped body.
Your system is resistant to poisons. (rPois)
You cover ground very slowly.
You can spit poison.
You have a snake-like lower body.


Message History

You hit the hound.
The hound is severely wounded.
The hound bites you.
An orc wizard comes into view. It is wielding a +0 dagger.
The hound barely misses you.
An orc priest comes into view. It is wielding a +0 flail.
The hound bites you.
The orc wizard points at you and mumbles some strange words.
The puff of flame hits you!
Found a cloak.
Found a stone staircase leading up.
You closely miss the hound.
The hound is severely wounded.
The hound barely misses you. The hound bites you but does no damage.
The hound bites you but does no damage.
The orc priest looks braver for a moment.
You have got your breath back.
The hound bites you.
The orc priest looks encouraged for a moment.
The orc priest mumbles some strange prayers to Beogh against you.
Beogh smites you! The hound barely misses you.
You hear a shout!
The hound bites you.
The orc wizard points at you and mumbles some strange words.
The magic dart hits you!
* * * LOW HITPOINT WARNING * * *
The hound bites you.
* * * LOW HITPOINT WARNING * * *
Found a stone staircase leading down.
As you read the scroll labelled QEADUI GOCHYFA, it crumbles to dust.
You feel strangely unstable.
It was a scroll of teleportation.
The orc wizard gestures wildly while chanting.
The orc wizard flickers and vanishes for a moment.
The hound barely misses you. You block the hound's attack.
Found 18 gold pieces.
You block the hound's attack.
Your surroundings seem slightly different.
The orc priest invokes the aid of Beogh against you.
Beogh smites you!
You die...

# #..............
.##. #.......o......
...###......o.....##
#....#............#
#....#......#.#.##..
#...........#?#.# .
#................
#.$..##h<........#
#....@.........#.#
#.##......##...# #
#.......# #....
......>...>.....
...#.....#... ...
.....#.......#. ....
#.....####. ....
#....$#


You could see a hound and an orc priest.

Vanquished Creatures
  A bullfrog (D:3)
  Natasha (thrice) (D:2)
  3 adders
  A worm (D:3)
  A dart slug (D:2)
  5 orcs
  6 endoplasms
  6 giant cockroaches
  5 goblins
  5 hobgoblins
  6 jackals (D:1)
  3 kobolds
  5 quokkas
  A ball python (D:2)
  7 bats
  4 frilled lizards
  5 rats (D:1)
67 creatures vanquished.

Vanquished Creatures (others)
  Jessica (D:2)
1 creature vanquished.

Grand Total: 68 creatures vanquished

Notes
Turn   | Place    | Note
-------+----------+-------------------------------------------
     0 | D:1      | barkas the Naga Arcane Marksman began the quest for the
                  | Orb.
     0 | D:1      | Reached XP level 1. HP: 18/18 MP: 2/2
    58 | D:1      | Reached XP level 2. HP: 21/25 MP: 3/3
  1057 | D:1      | Reached XP level 3. HP: 18/31 MP: 4/4
  1642 | D:2      | Reached XP level 4. HP: 35/38 MP: 5/5
  1778 | D:2      | Reached skill level 1 in Short Blades
  1823 | D:2      | Noticed Jessica
  1826 | D:2      | Noticed Natasha
  1831 | D:2      | Your ally died
  1835 | D:2      | Killed Natasha
  2079 | D:2      | Found a hazy altar of Hepliaklqana.
  2103 | D:2      | Noticed Natasha
  2107 | D:2      | Killed Natasha
  2108 | D:2      | Reached skill level 1 in Stealth
  2108 | D:2      | Reached XP level 5. HP: 45/45 MP: 6/6
  2141 | D:2      | Noticed Natasha
  2147 | D:2      | Killed Natasha
  3388 | D:4      | Noticed Edmund
  3401 | D:3      | Reached XP level 6. HP: 39/55 MP: 6/8
  3406 | D:3      | Learned a level 2 spell: Slow
  3411 | D:3      | Learned a level 4 spell: Cause Fear
  3475 | D:4      | You fall into a shaft and drop 2 floors!
  3487 | D:6      | Killed from afar by an orc priest

Illustrated notes

Levels and vault maps discovered:
D:1:      dpeg_arrival_ternary, layout_basic, minmay_misc_feat_secret_circle,
          hangedman_decor_lopped, minmay_rat_gold_closets
D:2:      layout_rooms, basic_altar, uniq_natasha, uniq_jessica
D:3:      layout_basic
D:4:      layout_rooms, nicolae_qazlal_scattered_showers, minmay_fountain_box,
          eino_small_chamber_without_monster, minmay_starry_boxes, uniq_edmund
D:6:      layout_rooms, nicolae_overflow_hidden_temple

Skill      XL: |  1  2  3  4  5 |
---------------+----------------+-----
Bows           | 2 3 |  3.0
Dodging        | 2 |  2.6
Short Blades   | 1 |  1.0
Fighting       | 2 |  2.4
Stealth        | 1 2 |  2.4
Polearms       | |  0.3
Spellcasting   | |  1.5
Hexes          | |  3.8

Action                   |  1- 3 |  4- 6 || total
-------------------------+-------+-------++-------
Melee: Spear             |    13 |       ||    13
       Short sword       |    52 |    14 ||    66
       Whip              |       |     7 ||     7
       Club              |       |    46 ||    46
 Fire: Shortbow          |    10 |    12 ||    22
 Abil: Spit Poison       |    23 |    22 ||    45
Evoke: Wand              |       |     1 ||     1
  Use: Scroll            |       |     1 ||     1
 Stab: Sleeping          |     3 |       ||     3
Armor: Robe              |    18 |    20 ||    38
Dodge: Dodged            |    48 |    39 ||    87
Block: Other             |     1 |    20 ||    21
       Reflection        |       |     1 ||     1

Table legend: (Time is in decaauts)
 A = Elapsed time spent in this place.
 B = Non-inter-level travel time spent in this place.
 C = Inter-level travel time spent in this place.
 D = Time resting spent in this place.
 E = Time spent auto-exploring this place.
 F = Levels seen in this place.
 G = Mean time per level.
                   A        B        C        D        E       F      G
               +--------+--------+--------+--------+--------+-----+--------+
         Total |   4267 |   3994 |    273 |    333 |   3070 |   5 |  853.4 |
       Dungeon |   4267 |   3994 |    273 |    333 |   3070 |   5 |  853.4 |
               +--------+--------+--------+--------+--------+-----+--------+

Top non-repeatable levels by time:
     D:1: 1769 daAuts
     D:3: 1626 daAuts
     D:2: 838 daAuts
     D:4: 17 daAuts
     D:6: 15 daAuts
